 Dungeon Crawl Stone Soup version 0.21-a0-460-g737a915 (webtiles) character file.

77 theanonym the Cudgeler (level 4, 0/23 HPs)
             Began as a Vine Stalker Fighter on Nov 20, 2017.
             Succumbed to a worker ant's poison
             ... on level 2 of the Dungeon.
             The game lasted 00:01:28 (656 turns).

theanonym the Cudgeler (Vine Stalker Fighter)        Turns: 656, Time: 00:01:29

Health: 0/23       AC:  7    Str: 24    XL:     4   Next: 34%
Magic:  5/5        EV: 11    Int:  8    God:
Gold:   36         SH:  9    Dex: 14    Spells: 3/3 levels left

rFire    . . .     SeeInvis .   a - +0 flail
rCold    . . .     Gourm    .   c - +0 shield
rNeg     . . .     Faith    .   b - +0 scale mail
rPois    .         Spirit   +   (no helmet)
rElec    .         Reflect  .   (no cloak)
rCorr    .         Harm     .   (no gloves)
MR       .....                  e - +0 pair of boots
Stlth    ..........             (no amulet)
HPRegen  0.47/turn              j - +4 ring of evasion
MPRegen  0.09/turn              (no ring)

@: mighty, lethally poisoned (0 -> -3)
A: fangs 2, regeneration 1, magic shield, antimagic bite, no potion heal 3, rot
immunity
a: no special abilities


Innate Abilities, Weirdness & Mutations

You have extremely sharp teeth.
Your natural rate of healing is unusually fast.
When hurt, damage is shared between your health and your magic reserves.
Your bite disrupts and absorbs the magic of your enemies.
Potions cannot restore your health.
You are immune to rotting.


   Skills:
 - Level 2.6 Fighting
 + Level 4.1 Maces & Flails
 - Level 2.4 Armour
 - Level 2.6 Shields


You had 3 spell levels left.
You didn't know any spells.

Skill      XL: |  1  2  3 |
---------------+----------+-----
Maces & Flails | 2 3 4 |  4.1
Fighting       | |  2.6
Armour         | |  2.4
Shields        | |  2.6

Action                   |  1- 3 |  4- 6 || total
-------------------------+-------+-------++-------
Melee: Flail             |    90 |     1 ||    91
       Bite              |    22 |       ||    22
  Use: Potion            |     1 |       ||     1
Armor: Scale mail        |    32 |     1 ||    33
Dodge: Dodged            |    37 |       ||    37
Block: Shield            |    39 |     1 ||    40

Inventory:

Hand Weapons
 a - a +0 flail (weapon)
Armour
 b - a +0 scale mail (worn)
 c - a +0 shield (worn)
 e - a +0 pair of boots (worn)
   (You found it on level 1 of the Dungeon)
Jewellery
 j - a +4 ring of evasion (left hand)
   (You took it off a kobold on level 1 of the Dungeon)
Scrolls
 h - 3 scrolls of remove curse {unknown}
 k - a scroll of blinking {unknown}
 m - a scroll of teleportation {unknown}
Potions
 d - a potion of might
 i - a potion of berserk rage {unknown}
 l - a potion of heal wounds {unknown}
 n - a potion of ambrosia {unknown}
 o - a potion of curing {unknown}
Comestibles
 f - 2 bread rations
 g - 2 chunks of flesh

Dungeon Overview and Level Annotations

Branches:
Dungeon (2/15)

Altars:


You were on level 2 of the Dungeon.
You were not hungry.

You visited 1 branch of the dungeon, and saw 2 of its levels.

You collected 36 gold pieces.


Message History

No target in view!
You butcher the dart slug corpse.
g - 9 chunks of flesh (gained 1)
You see here a dagger.
Done exploring.
Done exploring.
Done exploring.
Done exploring.
Done exploring.
There is a stone staircase leading down here.
Health restored: 19 Some of the chunks of flesh in your inventory have rotted away.
You climb downwards.
A hobgoblin comes into view. It is wielding a club.
The hobgoblin shouts!
Found a grey potion.
There is a stone staircase leading up here.
A hobgoblin is nearby!
The hobgoblin hits you but does no damage.
You hit the hobgoblin.
The hobgoblin hits you but does no damage.
You thump the hobgoblin!
You kill the hobgoblin!
No target in view!
No target in view!
o - a grey potion
Found a leather armour.
A frilled lizard and a hobgoblin come into view.
The frilled lizard hisses angrily.
The hobgoblin shouts!
Found 21 stones.
Found a stone staircase leading down.
There are monsters nearby!
A worker ant comes into view.
The worker ant twitches its antennae in your direction.
The worker ant moves out of view.
You block the hobgoblin's attack.
You closely miss the hobgoblin. You bite the hobgoblin. You drain its power.
The hobgoblin barely misses you. The worker ant bites you.
Some of the chunks of flesh in your inventory have rotted away.
You take 3 damage, and have 16/19 hp.
You now have 3/4 mp.
You hit the hobgoblin.
The hobgoblin hits you but does no damage.
The worker ant bites you.
You are poisoned.
The worker ant poisons you! The frilled lizard misses you.
The hobgoblin hits you but does no damage.
You take 1 damage, and have 15/19 hp.
You hit the hobgoblin.
You kill the hobgoblin!
You feel sick. The worker ant bites you. You block the frilled lizard's attack.
The worker ant barely misses you.
You take 3 damage, and have 12/19 hp.
You now have 2/4 mp.
You are too injured to fight recklessly!
You feel sick. The frilled lizard closely misses you.
You block the worker ant's attack.
You take 1 damage, and have 11/19 hp.
You closely miss the frilled lizard.
You feel sick. The worker ant misses you. The frilled lizard bites you.
* * * LOW MAGIC WARNING * * *;
* * * LOW HITPOINT WARNING * * *
The worker ant bites you.
* * * LOW HITPOINT WARNING * * *
You are more poisoned.
The worker ant poisons you! You block the frilled lizard's attack.
You take 5 damage, and have 6/19 hp.
MASSIVE DAMAGE!!
You now have 1/4 mp.
You feel very mighty all of a sudden.
* * * LOW HITPOINT WARNING * * *
You feel sick.
The worker ant bites you but does no damage.
You block the frilled lizard's attack.
You take 1 damage, and have 5/19 hp.
You barely miss the frilled lizard. Your bite misses the frilled lizard.
* * * LOW HITPOINT WARNING * * *
You feel sick. You block the worker ant's attack.
The frilled lizard barely misses you.
You take 2 damage, and have 3/19 hp.
You closely miss the worker ant. You bite the worker ant! You drain its power.
You feel invigorated.
* * * LOW HITPOINT WARNING * * *
You feel sick. You block the worker ant's attack.
The frilled lizard closely misses you. You block the worker ant's attack.
You take 1 damage, and have 2/19 hp.
MP restored: 4 You barely miss the worker ant.
* * * LOW HITPOINT WARNING * * *
You feel sick. The frilled lizard closely misses you.
You block the worker ant's attack.
You take 1 damage, and have 1/19 hp.
You sock the worker ant!
You kill the worker ant!
Your Maces & Flails skill increases to level 4!
You have reached level 4!
You feel agile.
You begin to heal more quickly.
* * * LOW HITPOINT WARNING * * *
You feel sick.
The frilled lizard bites you but does no damage.
You block the frilled lizard's attack.
MP restored: 5 You sock the frilled lizard!
You kill the frilled lizard!
You die...

#.(..# #.> ....#
..... ...#
#.#.....
#..##..#..... ##
#............
###..##......##..#
#..........#.#...#
#..@......# #
#)†###...##.##
.....# #...##...
.......# #........
......#.#
#........
.....##.#
#........ #####
#.# #........ #.#
#.....[.# #.#
#.......#


There were no monsters in sight!

Notes
Turn   | Place    | Note
-------+----------+-------------------------------------------
     0 | D:1      | theanonym the Vine Stalker Fighter began the quest for the Orb.
     0 | D:1      | Reached XP level 1. HP: 11/11 MP: 2/2
    34 | D:1      | Reached skill level 2 in Maces & Flails
   195 | D:1      | ololoev: но вообще дд все равно круче если смысл выиграть с эли
   199 | D:1      | Reached XP level 2. HP: 16/16 MP: 3/3
   284 | D:1      | Reached skill level 3 in Maces & Flails
   326 | D:1      | Reached XP level 3. HP: 19/19 MP: 4/4
   370 | D:1      | theanonym: У него вечно здоровье заканчивается на д2 и не восстанавливается
   650 | D:2      | HP: 8/19 [frilled lizard (2)]
   651 | D:2      | ololoev: а абилка для кого сделана?
   652 | D:2      | HP: 3/19 [poisoned by a worker ant]
   654 | D:2      | HP: 1/19 [poisoned by a worker ant]
   655 | D:2      | Reached skill level 4 in Maces & Flails
   655 | D:2      | Gained mutation: Your natural rate of healing is unusually fast. [Vine Stalker growth]
   655 | D:2      | Reached XP level 4. HP: 1/23 MP: 5/5
   656 | D:2      | Succumbed to a worker ant's poison

Vanquished Creatures
  A worker ant (D:2)
  A gnoll (D:1)
  3 dart slugs (D:1)
  A leopard gecko (D:1)
  3 ball pythons (D:1)
  2 giant cockroaches (D:1)
  7 goblins (D:1)
  3 hobgoblins
  2 jackals (D:1)
  3 frilled lizards
  5 kobolds (D:1)
  4 rats (D:1)
35 creatures vanquished.
